Map: Torches LE

Players

KimChiLoVer - Winner!

  • Race: Terran Terran
  • League: Diamond
  • Spawn Location: 5:00

llllllllllll

  • Race: Zerg Zerg
  • League: Diamond
  • Spawn Location: 1:00

VOD

Have the link to the VOD?

Description

Time

  • Played on: Sept. 1, 2025, 6:04 p.m.
  • Length: 16:53
Show
View Real Time Build Order
Export as new Build Order

KimChiLoVer Terran - Winner!

Build Orders: Hellion Banshee, Mech 

Get SALT Encoding   

  12  0:00  SCV  
  13  0:12  SCV  
  14  0:17  Supply Depot  
  14  0:25  SCV  
  15  0:39  SCV  
  15  0:40  Barracks  
  16  0:45  Refinery  
  16  0:51  SCV  
  17  1:03  SCV  
  18  1:15  SCV  
  19  1:32  Supply Depot, Reaper  
  20  1:33  Orbital Command  
  20  1:48  Command Center  
  20  1:59  Supply Depot  
  20  2:00  SCV  
  21  2:08  Marine  
  22  2:14  SCV  
  23  2:22  Factory  
  23  2:26  SCV  
  24  2:31  Barracks Reactor  
  25  2:44  SCV  
  25  2:45  Command Center  
  25  2:56  SCV  
  26  2:58  Refinery  
  26  3:02  Orbital Command  
  26  3:09  Starport  
  26  3:15  Barracks Tech Lab  
  26  3:17  Hellion  
  28  3:21  Hellion  
  28  3:23  SCV  
  31  3:28  SCV  
  32  3:35  SCV  
  32  3:41  SCV  
  34  3:45  Hellion  
  34  3:46  Supply Depot  
  34  3:48  SCV  
  37  3:52  Hellion  
  39  3:59  SCV  
  39  4:00  Supply Depot  
  39  4:01  Orbital Command  
  40  4:05  Banshee  
  40  4:07  Cloaking Field  
  43  4:10  Marine  
  43  4:15  SCV  
  43  4:16  SCV  
  46  4:24  Hellion  
  48  4:26  Hellion  
  48  4:28  SCV  
  51  4:33  Supply Depot  
  51  4:34  Supply Depot  
  51  4:37  SCV x2  
  53  4:40  SCV  
  54  4:53  Banshee  
  54  4:59  SCV  
  58  5:01  Factory  
  58  5:02  Refinery  
  58  5:03  SCV  
  58  5:04  Refinery  
  58  5:05  Supply Depot, Hyperflight Rotors  
  59  5:11  Supply Depot  
  59  5:15  SCV  
  60  5:22  Engineering Bay  
  60  5:27  SCV  
  61  5:32  Supply Depot  
  61  5:39  SCV  
  61  5:40  Hellion x2  
  64  5:51  SCV  
  63  6:03  Banshee, SCV  
  67  6:06  Factory Tech Lab, Factory  
  67  6:09  Missile Turret  
  67  6:10  SCV  
  67  6:11  Missile Turret  
  68  6:15  SCV  
  68  6:16  Missile Turret  
  69  6:22  SCV  
  70  6:27  SCV  
  71  6:34  Factory  
  71  6:36  Factory  
  71  6:38  Armory, SCV  
  71  6:39  Armory  
  73  6:40  SCV  
  73  6:46  Banshee  
  76  6:50  SCV  
  76  6:52  SCV  
  78  6:57  Supply Depot  
  78  6:58  Orbital Command, Factory Tech Lab  
  78  6:59  Supply Depot, Siege Tank  
  81  7:04  SCV  
  82  7:16  Factory  
  82  7:21  Factory Tech Lab  
  82  7:22  Siege Tank  
  85  7:25  Factory Tech Lab  
  85  7:31  Supply Depot  
  85  7:32  Supply Depot, SCV  
  86  7:45  Missile Turret, SCV  
  86  7:47  Sensor Tower  
  86  7:49  Refinery  
  87  7:53  Refinery  
  87  7:56  Raven  
  87  7:57  SCV  
  90  8:00  Terran Vehicle Weapons Level 1, Terran Vehicle And Ship Armor Level 1  
  90  8:06  Factory Tech Lab, Thor  
  90  8:09  SCV  
  97  8:17  Sensor Tower  
  97  8:21  SCV  
  98  8:30  Banshee  
  98  8:33  SCV  
  102  8:37  Infernal Pre-Igniter  
  102  8:38  Drilling Claws, Command Center, Smart Servos  
  102  8:41  Siege Tank, Widow Mine  
  107  8:45  SCV  
  108  8:57  SCV  
  108  9:00  Missile Turret  
  109  9:05  Thor x2  
  109  9:07  Widow Mine x4  
  129  9:13  Widow Mine  
  129  9:15  Missile Turret  
  129  9:16  Missile Turret  
  131  9:21  Missile Turret  
  131  9:29  Widow Mine x4  
  139  9:32  Command Center  
  139  9:34  Widow Mine  
  141  9:48  Hellion  
  141  9:49  Hellion  
  141  9:50  Hellion x4  
  153  9:56  Widow Mine  
  155  10:10  Hellion, Widow Mine  
  155  10:11  Hellion x2  
  163  10:15  Supply Depot  
  163  10:16  Supply Depot  
  163  10:19  Hellion x3  
  167  10:31  Refinery, Hellion, Siege Tank  
  167  10:33  Refinery  
  172  10:39  Thor x2  
  172  10:40  Siege Tank, Widow Mine x2  
  191  10:45  Missile Turret  
  191  10:50  Missile Turret  
  191  10:52  Missile Turret, Thor  
  197  11:01  Hellion  
  199  11:25  Planetary Fortress  
  199  11:29  Terran Vehicle Weapons Level 2, Terran Vehicle And Ship Armor Level 2  
  199  11:42  Supply Depot x2  
  199  11:43  Orbital Command  
  199  11:46  SCV  
  200  12:16  Hellion  
  200  12:21  Hellion  
  191  12:28  Siege Tank x3  
  137  12:58  Siege Tank x2  
  137  12:59  Hellion  
  137  13:00  Siege Tank x2  
  137  13:01  Siege Tank  
  133  13:14  Hellion  
  111  13:20  Hellion  
  111  13:25  Banshee  
  102  13:31  Hellion x2, SCV  
  102  13:33  Hellion x3  
  113  13:35  Hellion  
  114  13:41  Hellion  
  114  13:43  SCV  
  117  13:52  Hellion x2  
  117  13:54  Hellion x3  
  127  13:56  SCV  
  127  13:57  Hellion  
  132  14:03  Factory, Widow Mine  
  132  14:05  Factory  
  132  14:06  Factory  
  132  14:08  Banshee, Factory  
  132  14:09  Terran Vehicle And Ship Armor Level 3, Terran Vehicle Weapons Level 3  
  135  14:13  Widow Mine x2  
  135  14:15  Hellion  
  135  14:16  Hellion x2  
  145  14:18  Widow Mine  
  149  14:24  Widow Mine  
  149  14:25  Hellion x13  
  149  14:34  Thor  
  149  14:35  Widow Mine  
  149  14:36  Thor x2  
  149  14:37  Widow Mine  
  171  14:40  Widow Mine  
  175  14:45  Widow Mine  
  175  14:51  Banshee  
  178  14:53  Factory Tech Lab x2  
  178  14:56  Widow Mine  
  178  14:58  Hellion  
  182  15:01  Hellion  
  186  15:07  Hellion  
  177  15:17  Cyclone x2  
  177  15:19  Siege Tank x2  
  177  15:20  Widow Mine  
  191  15:22  Widow Mine  
  191  15:23  Siege Tank x2  
  191  15:24  Factory Tech Lab  
  191  15:26  Factory Tech Lab  
Show
View Real Time Build Order
Export as new Build Order

llllllllllll Zerg 

Build Orders: Hatch First 

Get SALT Encoding   

  12  0:04  Drone  
  13  0:10  Drone  
  14  0:19  Overlord  
  14  0:38  Drone  
  14  0:39  Drone x2  
  17  0:53  Hatchery  
  16  0:58  Drone  
  16  0:59  Extractor  
  16  1:16  Spawning Pool  
  15  1:23  Drone x2  
  17  1:33  Drone  
  17  1:35  Drone  
  19  1:47  Drone  
  20  2:02  Queen  
  20  2:07  Queen  
  24  2:09  Extractor  
  23  2:25  Hatchery  
  23  2:26  Extractor  
  23  2:29  Drone  
  23  2:33  Drone  
  24  2:41  Metabolic Boost  
  24  2:49  Drone  
  24  2:50  Zergling x6  
  28  3:15  Overlord  
  28  3:33  Queen  
  32  3:38  Pneumatized Carapace  
  30  3:43  Drone x6  
  30  3:44  Queen, Drone x2  
  39  4:03  Drone x2  
  39  4:06  Overlord x2  
  41  4:13  Evolution Chamber  
  40  4:18  Spore Crawler, Drone  
  40  4:19  Spore Crawler  
  40  4:23  Spore Crawler  
  38  4:24  Drone  
  38  4:26  Zergling x2  
  38  4:27  Zergling x8  
  44  4:39  Drone  
  44  4:40  Roach Warren, Drone x2  
  44  4:44  Drone x3  
  49  4:54  Drone x4  
  49  4:55  Drone  
  54  5:04  Zergling x6  
  57  5:09  Baneling Nest  
  56  5:33  Lair  
  56  5:38  Spore Crawler, Queen  
  56  5:44  Queen  
  56  5:45  Spore Crawler  
  55  5:55  Roach x2  
  55  5:56  Spore Crawler  
  56  6:01  Overlord, Spore Crawler  
  56  6:02  Overlord x2  
  54  6:04  Drone x3  
  54  6:05  Extractor, Drone  
  54  6:06  Overlord, Extractor  
  56  6:17  Hatchery  
  55  6:26  Drone x2  
  55  6:27  Drone x5  
  55  6:28  Drone x3  
  55  6:31  Extractor, Drone x3  
  67  6:49  Roach x5  
  77  6:58  Spire  
  76  7:01  Spore Crawler  
  76  7:03  Drone x3  
  76  7:04  Drone x4  
  82  7:13  Drone x3  
  82  7:14  Roach x2  
  82  7:15  Overlord  
  89  7:23  Spore Crawler, Drone  
  89  7:31  Overseer  
  89  7:33  Overseer  
  89  7:35  Drone x3  
  89  7:36  Drone x3  
  95  7:42  Glial Reconstitution, Centrifugal Hooks  
  95  7:49  Hatchery, Drone x2  
  96  7:52  Extractor  
  96  7:54  Extractor  
  94  8:06  Hatchery  
  94  8:11  Mutalisk  
  94  8:12  Mutalisk x3  
  101  8:19  Drone x2  
  103  8:26  Overlord x2  
  103  8:27  Overlord x6  
  103  8:34  Zerg Flyer Weapons Level 1  
  100  9:01  Drone x2  
  102  9:06  Spore Crawler x2  
  100  9:10  Drone x15  
  115  9:18  Drone  
  115  9:19  Drone x2  
  115  9:20  Overlord x4  
  118  9:27  Evolution Chamber  
  118  9:28  Zerg Melee Weapons Level 1  
  118  9:30  Evolution Chamber  
  118  9:31  Roach x8  
  132  9:45  Infestation Pit  
  132  9:49  Hydralisk Den  
  130  9:56  Roach x11  
  152  10:08  Extractor x2  
  152  10:11  Hatchery  
  149  10:30  Corruptor x4  
  155  10:38  Zerg Ground Armor Level 1, Zerg Missile Weapons Level 1  
  155  10:43  Roach  
  155  10:44  Roach x13  
  155  10:49  Ravager  
  184  10:50  Ravager x7  
  191  11:04  Extractor x2, Drone  
  190  11:11  Grooved Spines  
  190  11:14  Lurker Den  
  190  11:15  Hive  
  189  11:40  Infestor x3  
  189  11:44  Neural Parasite  
  189  11:46  Zergling x2  
  198  11:47  Zergling x8  
  200  12:02  Muscular Augments  
  183  12:31  Ravager x13  
  160  12:51  Hydralisk x2, Corruptor x2  
  148  12:52  Zergling x2  
  148  12:53  Zergling x34  
  168  12:58  Hydralisk  
  168  12:59  Hydralisk x10  
  174  13:06  Zergling x2  
  174  13:07  Zergling x18  
  174  13:16  Mutalisk  
  174  13:18  Mutalisk  
  174  13:19  Mutalisk x3  
  163  13:20  Zergling x2  
  163  13:21  Zergling x22  
  167  13:27  Drone x4  
  167  13:28  Drone x2  
  167  13:29  Queen x2  
  177  13:35  Overseer  
  177  13:38  Overseer  
  177  13:51  Hatchery  
  177  13:53  Drone  
  177  13:58  Ravager x2  
  177  14:01  Baneling x3, Hatchery  
  177  14:02  Baneling x7  
  178  14:03  Baneling  
  178  14:10  Zerg Missile Weapons Level 2  
  178  14:11  Hatchery  
  178  14:15  Extractor  
  178  14:16  Extractor  
  175  14:24  Viper  
  175  14:25  Overlord x3  
  175  14:26  Overlord, Hatchery  
  177  14:31  Ultralisk Cavern  
  177  14:32  Adaptive Talons  
  153  15:15  Mutalisk x7  
  153  15:16  Mutalisk x5  
  172  15:26  Drone x2  
  172  15:27  Chitinous Plating  
  174  15:35  Unknown  
  174  15:44  Extractor  
  174  15:49  Extractor  
  160  16:07  Zergling x6  
  160  16:08  Zergling x40  
  184  16:12  Ravager x2  
  185  16:18  Hydralisk  
  185  16:19  Zergling x6  
Tags
 
Add a new tag
Caveats
  • Supply blocks, unpowered buildings, or Contaminate may cause inaccurate times.
  • Supply counts are checked every 10 seconds.